 Dungeon Crawl Stone Soup version 0.31.0-11-ge490571c62 (webtiles) character file.

Game seed: 12819482282771728841

2685 stipulation the Merchant of Misery (level 9, -1/39 HPs)
             Began as a Vine Stalker Necromancer on Jan 29, 2024.
             Was a Believer of Kikubaaqudgha.
             Slain by a gnoll sergeant
             ... wielding a +0 spear
              (5 damage)
             ... on level 8 of the Dungeon.
             The game lasted 00:13:32 (8504 turns).

stipulation the Merchant of Misery (VSNe)           Turns: 8504, Time: 00:13:33

Health: -1/39      AC:  6    Str: 12    XL:     9   Next: 64%
Magic:  0/23       EV: 12    Int: 19    God:    Kikubaaqudgha [**....]
Gold:   383        SH:  0    Dex: 14    Spells: 5/26 levels left

rFire   . . .        q - +1 dagger (drain)
rCold   . . .        (no shield)
rNeg    . . .        y - +0 steam dragon scales
rPois   .            l - +0 hat
rElec   .            (no cloak)
rCorr   +            n - +0 pair of gloves
SInv    .            (no boots)
Will    +....        (no amulet)
Stlth   ++           b - ring of resist corrosion
HPRegen 1.06/turn    z - ring of flight
MPRegen 0.18/turn

%: guardian spirit
@: flying
A: fangs 3, regeneration 1, magic shield, antimagic bite, no potion heal 2
a: Renounce Religion, Unearth Wretches


You were on level 8 of the Dungeon.
You worshipped Kikubaaqudgha.
Kikubaaqudgha was pleased with you.
You visited 1 branch of the dungeon, and saw 8 of its levels.

You collected 383 gold pieces.

Inventory:

Hand Weapons
 f - a +1 dagger of holy wrath
 q - a +1 dagger of draining (weapon)
Armour
 l - a +0 hat (worn)
 n - a +0 pair of gloves (worn)
 y - +0 steam dragon scales (worn)
Jewellery
 b - a ring of resist corrosion (left hand)
 z - a ring of flight (right hand)
 C - a ring of protection from fire
Wands
 a - a wand of flame (19)
 o - a wand of roots (10)
 B - a wand of mindburst (12)
 E - a wand of acid (6)
Scrolls
 c - a scroll of fear
 d - a scroll of summoning
 i - a scroll of enchant armour {unknown}
 j - 3 scrolls of teleportation
 r - 3 scrolls of noise
 s - a scroll of blinking {unknown}
 t - a scroll of revelation {unknown}
 x - 2 scrolls of poison
 D - a scroll of brand weapon
 F - a scroll of vulnerability {unknown}
Potions
 e - a potion of haste {unknown}
 g - 3 potions of curing
 h - a potion of resistance {unknown}
 k - 3 potions of enlightenment {unknown}
 m - a potion of lignification {unknown}
 p - 3 potions of might {unknown}
 u - a potion of magic
 v - a potion of experience {unknown}
 w - a potion of invisibility {unknown}
 A - a potion of degeneration {unknown}


   Skills:
 - Level 1.5 Dodging
 - Level 2.4 Stealth
 + Level 9.4 Spellcasting
 + Level 10.0 Necromancy


You had 5 spell levels left.
You knew the following spells:

 Your Spells              Type           Power      Damage    Failure   Level
a - Necrotise             Necr           100%       1d9       1%          1
b - Vampiric Draining     Necr           47%        2d9       1%          3
c - Animate Dead          Necr           47%        N/A       1%          4
d - Dispel Undead         Necr           47%        3d18      1%          4
e - Sublimation of Blood  Necr           47%        N/A       1%          2
f - Cigotuvi's Dreadful   Necr/Alch/Air  42%        N/A       3%          2
g - Curse of Agony        Necr           47%        N/A       3%          5

Your spell library contained the following spells:

 Spells                   Type           Power      Damage    Failure   Level
 Kiss of Death            Conj/Necr      100%       2d13      1%          1
 Apportation              Tloc           16%        N/A       8%          1
 Magic Dart               Conj           32%        1d4       8%          1
 Sting                    Conj/Alch      32%        1d5       8%          1
 Summon Small Mammal      Summ           32%        N/A       8%          1
 Ensorcelled Hibernation  Hex/Ice        16%        N/A       12%         2
 Confusing Touch          Hex            8%         N/A       24%         3
 Dazzling Flash           Conj/Hex       16%        N/A       24%         3
 Gell's Gravitas          Tloc           8%         N/A       24%         3
 Passwall                 Erth           8%         N/A       24%         3
 Swiftness                Air            8%         N/A       24%         3
 Teleport Other           Tloc           8%         N/A       24%         3
 Summon Blazeheart Golem  Fire/Summ      8%         N/A       61%         4
 Fireball                 Conj/Fire      4%         3d4       91%         5
 Dispersal                Tloc           4%         N/A       100%        6
 Malign Gateway           Summ/Tloc      4%         N/A       100%        7


Dungeon Overview and Level Annotations

Branches:
Dungeon (8/15)             Temple (0/1) D:4
   Lair: D:8-11

Altars:
Elyvilon
Kikubaaqudgha
Ru
Sif Muna
Vehumet
The Shining One

Shops:
D:2 :

Annotations:
D:2 exclusions: upstairs and 2 more exclusions, Sigmund
D:5 1 runed translucent door, Eustachio; LobsterGuardian's ghost, novice SpEn; Prince Ribbit


Innate Abilities, Weirdness & Mutations

You have razor-sharp teeth.
Your natural rate of healing is unusually fast.
When hurt, damage is shared between your health and your magic reserves.
Your bite disrupts and absorbs the magic of your enemies.
Potions cannot restore your health.


Message History

Deactivating autopickup; reactivate with Ctrl-A.
The gnoll sergeant writhes in agony.
The gnoll sergeant writhes in agony!
The gnoll sergeant misses you.
The gnoll sergeant writhes in agony.
The gnoll sergeant hits you but does no damage.
The gnoll sergeant writhes in agony.
Nothing appears to happen.
Something hits you! Something completely misses you.
The gnoll hits you from afar with a +0 spear.
The gnoll sergeant closely misses you. Something hits you.
Something bites you but does no damage. The gnoll closely misses you.
The gnoll sergeant hits you but does no damage.
Your killer bee zombie closely misses something.
You hit something but do no damage.
Your killer bee zombie barely misses something.
You hear some strange, mumbled words.
You are confused.
The gnoll sergeant misses you.
The gnoll hits you from afar with a +0 spear.
Your killer bee zombie barely misses something.
You're too confused to cast spells.
Unknown command.
Your system rejects the healing.
You feel better.
Your killer bee zombie barely misses something.
Something hits you! Something bites you but does no damage.
The gnoll closely misses you.
The gnoll sergeant hits you from afar with a +0 spear.
* * * LOW HITPOINT WARNING * * *
Your killer bee zombie barely misses something.
Casting: Necrotise (safe; 1% risk of failure)
Confirm with . or Enter, or press ? or * to list all spells.
You draw magical energy from your own body!
Your killer bee zombie hits something.
Something hits you but does no damage. Something bites you.
* * * LOW HITPOINT WARNING * * *
Something draws strength from your injuries!
The gnoll sergeant hits you from afar with a +0 spear!
You die...
Kikubaaqudgha rasps: "You have failed me!
Welcome... death!"

#....## #.#...#####
##.......))###
###........#Z[[<
#........).#####
###.##.......#### ###
#ZZ.###....##._.##
#....##Z#####....##...8#
#...gg.@# #.....#8...##
#....g### #......##.##8
#..... #......#..#..
#.... ##......⌠....
#.... ##...#...#.. #...
#####.#.##8 #.>. ##...##
#...8# 8._.##


You could see a gnoll sergeant (ally target), 2 gnolls, 2 friendly killer bee
zombies and a friendly orc zombie.

Vanquished Creatures
  Grinder (D:3)
  A water moccasin (D:5)
  2 orc warriors
  A kobold brigand (D:7)
  A bullfrog (D:6)
  3 scorpions
  5 wights
  9 killer bees
  A jelly (D:6)
  A gnoll bouda (D:7)
  7 orc priests
  2 sleepcaps
  Ijyb (D:3)
  4 iguanas
  5 orc wizards
  6 gnolls
  11 adders
  6 ufetubi
  2 ribbon worms
  22 orcs
  4 bats
  5 endoplasms
  4 giant cockroaches
  2 goblins
  5 hobgoblins
  4 jackals (D:2)
  5 quokkas
  7 ball pythons
  3 frilled lizards
  8 kobolds
  3 rats
141 creatures vanquished.

Vanquished Creatures (collateral kills)
  A steam dragon (D:7)
  A kobold brigand (D:7)
  A scorpion (D:8)
  2 killer bees (D:7)
  An iguana (D:5)
  A gnoll (D:7)
  An orc (D:8)
  3 kobolds (D:7)
  2 bats (D:7)
13 creatures vanquished.

Vanquished Creatures (others)
  A scorpion zombie (D:6)
  3 killer bee zombies (D:7)
  An iguana zombie (D:7)
  An orc zombie (D:6)
6 creatures vanquished.

Grand Total: 160 creatures vanquished

Notes
Turn   | Place    | Note
-------+----------+-------------------------------------------
     0 | D:1      | stipulation the Vine Stalker Necromancer began the quest
                  | for the Orb.
     0 | D:1      | Reached XP level 1. HP: 9/9 MP: 4/4
   330 | D:1      | Reached XP level 2. HP: 13/13 MP: 1/6
   886 | D:2      | Found Weatenn's Vocational Training.
   909 | D:2      | Reached XP level 3. HP: 16/16 MP: 1/8
   976 | D:2      | Found a white marble altar of Elyvilon.
  1110 | D:2      | Reached XP level 4. HP: 21/21 MP: 8/10
  1193 | D:2      | Noticed Sigmund
  1628 | D:2      | Learned a level 3 spell: Vampiric Draining
  1633 | D:2      | Learned a level 4 spell: Animate Dead
  1846 | D:3      | Reached skill level 5 in Necromancy
  1915 | D:3      | Noticed Ijyb
  1955 | D:3      | Killed Ijyb
  1956 | D:3      | Reached XP level 5. HP: 7/24 MP: 1/11
  1995 | D:3      | Found an ancient bone altar of Kikubaaqudgha.
  2232 | D:3      | Became a worshipper of Kikubaaqudgha
  2451 | D:3      | Noticed Grinder
  2478 | D:3      | Killed Grinder
  2479 | D:3      | Reached skill level 5 in Spellcasting
  2479 | D:3      | Reached skill level 6 in Necromancy
  2479 | D:3      | Reached XP level 6. HP: 22/28 MP: 11/14
  3248 | D:4      | Reached XP level 7. HP: 32/32 MP: 14/16
  3442 | D:4      | Found a staircase to the Ecumenical Temple.
  3543 | D:4      | Found a white marble altar of Elyvilon.
  4072 | D:5      | Entered Level 5 of the Dungeon
  4587 | D:5      | Noticed Prince Ribbit
  4854 | D:5      | Noticed Eustachio
  4963 | D:5      | Reached skill level 7 in Necromancy
  5076 | D:5      | Found the +7 staff of the Meek {protect, meekguard}
  5119 | D:5      | Found a runed translucent door.
  5121 | D:5      | Noticed LobsterGuardian's ghost (novice SpEn)
  5137 | D:5      | Learned a level 4 spell: Dispel Undead
  5235 | D:5      | Gained mutation: You have razor-sharp teeth. [Vine Stalker
                  | growth]
  5235 | D:5      | Reached XP level 8. HP: 34/36 MP: 11/18
  5367 | D:5      | Got the Quarto of the Creative Discharge
  5554 | D:5      | Reached * piety under Kikubaaqudgha
  5554 | D:5      | Received a gift from Kikubaaqudgha
  6136 | D:6      | Reached skill level 8 in Necromancy
  6976 | D:7      | Found a sacrificial altar of Ru.
  6984 | D:7      | Reached XP level 9. HP: 38/39 MP: 20/22
  7030 | D:7      | Found a glowing golden altar of the Shining One.
  7041 | D:7      | Reached skill level 9 in Necromancy
  7279 | D:7      | Reached ** piety under Kikubaaqudgha
  8126 | D:7      | Learned a level 2 spell: Sublimation of Blood
  8129 | D:7      | Learned a level 2 spell: Cigotuvi's Dreadful Rot
  8135 | D:7      | Learned a level 5 spell: Curse of Agony
  8442 | D:8      | Found a radiant altar of Vehumet.
  8453 | D:8      | Got Vehumet's Disquisition on Concussion
  8455 | D:8      | Found an ancient bone altar of Kikubaaqudgha.
  8456 | D:8      | Found a shimmering blue altar of Sif Muna.
  8467 | D:8      | Reached skill level 10 in Necromancy
  8504 | D:8      | Slain by a gnoll sergeant

Illustrated notes

Levels and vault maps discovered:
D:1:      ebering_trefoil_3fold, layout_loops_ring, hangedman_decor_peaks_small
D:2:      layout_loops_ring, basic_altar, roderic_serpentine_path,
          nicolae_shop_vocational, uniq_sigmund
D:3:      wad_woods_stonehenge, layout_rooms, serial_glass, glass_columns_b,
          glass_columns_b, glass_columns_b, glass_columns_a, glass_columns_b,
          glass_columns_a, glass_columns_a, glass_columns_b, glass_columns_a,
          glass_columns_b, due_unseen_surprise, item_on_display_a, uniq_grinder,
          uniq_ijyb
D:4:      layout_layer_cave, kennysheep_mini, minmay_temple_entry_arrows,
          chequers_serial_rivers_small_a, minmay_misc_feat_rugged
D:5:      layout_basic, ebering_ghost_reflecting_pool, pf_guarded_unrand_meek,
          uniq_prince_ribbit1, uniq_eustachio
D:6:      layout_loops_ring
D:7:      hellmonk_ruined_rings, layout_cave_pods,
          mainiacjoe_overflow_tiny_flanked, nicolae_ru_great_annihilating_truth
D:8:      layout_rooms, grunt_temple_overflow_magic_moments,
          eat_drink_and_be_merry_uskayaw, minmay_lair_entry_grove,
          minmay_misc_feat_encased, uniq_erica

Skill      XL: |  1  2  3  4  5  6  7  8  9 |
---------------+----------------------------+-----
Spellcasting   | 3 5 6 8 9 |  9.4
Necromancy     | 5 6 7 8 10 | 10.0
Dodging        | |  1.5
Stealth        | |  2.4

Action                     |  1- 3 |  4- 6 |  7- 9 || total
---------------------------+-------+-------+-------++-------
  Melee: Unarmed           |    12 |       |       ||    12
         Bite              |    13 |    41 |    55 ||   109
         Dagger            |    42 |   122 |   206 ||   370
         Punch             |     1 |     5 |     5 ||    11
   Cast: Necrotise         |    37 |    45 |    55 ||   137
         Vampiric Draining |       |     3 |    40 ||    43
         Animate Dead      |       |       |     4 ||     4
         Dispel Undead     |       |       |     5 ||     5
         Sublimation of Bl |       |       |     1 ||     1
    Use: Potion            |       |     1 |     1 ||     2
         Scroll            |       |       |     8 ||     8
   Stab: Sleeping          |       |     3 |     1 ||     4
         Paralysed         |       |       |     1 ||     1
 Armour: Robe              |    33 |    68 |   122 ||   223
         Steam dragon scal |       |       |   110 ||   110
  Dodge: Dodged            |    39 |    77 |   219 ||   335
